 Dungeon Crawl Stone Soup version 0.31.0-10-gcf4a605ca0 (webtiles) character file.

Game seed: 15467306858819024717

2094 unlimited1921 the Thaumaturge (level 9, -1/55 HPs)
             Began as a Djinni Fire Elementalist on Jan 26, 2024.
             Was an Initiate of Ashenzari.
             Slain by an ogre
             ... wielding a +0 giant spiked club
              (35 damage)
             ... on level 7 of the Dungeon.
             The game lasted 00:27:43 (12997 turns).

unlimited1921 the Thaumaturge (DjFE)               Turns: 12997, Time: 00:27:46

Health: -1/55      AC:  5    Str:  7    XL:     9   Next: 52%
Gold:   344        EV: 13    Int: 22    God:    Ashenzari [......] SH:  0 Dex: 13

rFire   + + .        l - +1 hand axe (flame)
rCold   x . .        f - orb {*Rage}
rNeg    + + .        k - +2 robe
rPois   ∞            A - +0 helmet of Ashenzari's Soothsayer {Self, Melee} (curse)
rElec   .            (no cloak)
rCorr   .            (no gloves)
SInv    .            (boots unavailable)
Will    .....        (no amulet)
Stlth   +++          m - ring of positive energy
HPRegen 0.29/turn    s - ring of positive energy
MPRegen 0.00/turn

%: random rage (20%), infuse magic (-2 HP)
@: flying
A: sickness immunity, fire resistance 2, cold vulnerability 1, float, innate
caster, HP casting, extra vitality 1
a: Renounce Religion, Shatter the Chains


You were on level 7 of the Dungeon.
You worshipped Ashenzari.
Ashenzari was noncommittal.
You visited 2 branches of the dungeon, and saw 8 of its levels.

You collected 344 gold pieces.

Inventory:

Hand Weapons
 e - a +0 dagger of draining
 l - a +1 hand axe of flaming (weapon)
 p - a +2 short sword of distortion
Missiles
 t - 4 poisoned darts
 w - 4 javelins
Armour
 f - an orb of wrath (worn)
 k - a +2 robe (worn)
 A - the cursed +0 helmet of Ashenzari's Soothsayer (worn) {Self, Melee}
   (You found it on level 6 of the Dungeon)

   It has a curse which improves the following skills: Introspection: Fighting
   and Spellcasting.
   Melee Combat: Short Blades, Long Blades, Axes, Maces & Flails, Polearms,
   Staves and Unarmed Combat.
 B - the +0 scale mail of the Equator {rF- rN++ Regen+ rCorr}
   (You found it on level 6 of the Dungeon)

   rF-:       It makes you vulnerable to fire.
   rN++:      It greatly protects you from negative energy.
   Regen+:    It increases your rate of health regeneration.
   rCorr:     It protects you from acid and corrosion.
Jewellery
 m - a ring of positive energy (left hand)
 s - a ring of positive energy (right hand)
 x - a ring of positive energy
Talismans
 i - a granite talisman
Wands
 h - a wand of digging (3)
 o - a wand of flame (11)
 q - a wand of roots (5)
 v - a wand of charming (8)
 C - a wand of mindburst (13)
Scrolls
 a - 3 scrolls of enchant weapon
 b - a scroll of fog {unknown}
 c - a scroll of brand weapon {unknown}
 d - a scroll of fear
 g - 5 scrolls of teleportation {unknown}
 j - 2 scrolls of revelation {unknown}
 y - a scroll of silence
Potions
 n - a potion of curing
 r - a potion of might
 u - 2 potions of invisibility
 z - a potion of lignification {unknown}
 D - a potion of heal wounds {unknown}


   Skills:
 + Level 4.8 Dodging
 + Level 5.3 Stealth
 + Level 8.2(8.7) Spellcasting
 + Level 8.2 Conjurations
 + Level 8.2 Hexes
 + Level 8.2 Summonings
 + Level 8.2 Necromancy
 + Level 8.2 Translocations
 + Level 8.2 Fire Magic
 + Level 8.2 Ice Magic
 + Level 8.2 Air Magic
 + Level 8.2 Earth Magic
 + Level 8.2 Alchemy


You knew the following spells:

 Your Spells              Type           Power      Damage    Failure   Level
a - Foxfire               Conj/Fire      100%       2x1d9     1%          1
b - Scorch                Fire           92%        2d8       1%          2
c - Volatile Blastmotes   Fire/Tloc      92%        2d17      1%          3
d - Inner Flame           Hex/Fire       46%        N/A       1%          3
e - Flame Wave            Conj/Fire      46%        2d12      2%          4
f - Sting                 Conj/Alch      100%       1d9       1%          1
g - Call Imp              Summ           92%        N/A       1%          2
h - Hailstorm             Conj/Ice       46%        3d10      1%          3
i - Olgreb's Toxic Radia  Alch           46%        N/A       2%          4
Your spell library was empty.

Dungeon Overview and Level Annotations

Branches:
Dungeon (7/15)             Temple (1/1) D:6

Altars:
Ashenzari
Cheibriados
Dithmenos
Elyvilon
Fedhas
Gozag
Hepliaklqana
Makhleb
Nemelex Xobeh
Okawaru
Qazlal
Ru
Trog
Uskayaw
Wu Jian
Xom
Yredelemnul
Zin

Shops:
D:4 [


Innate Abilities, Weirdness & Mutations

You are immune to sickness and miasma.
You are immune to poison.
Your flesh is very heat resistant. (rF++)
You are vulnerable to cold. (rC-)
You float through the air rather than walking.
You learn spells naturally, not from books.
Your magical power is your life essence.
You have superior vitality. (+4 MHP)


Message History

The scorpion is almost dead.
Unknown command.
Casting: Foxfire (safe; 1% risk of failure)
Confirm with . or Enter, or press ? or * to list all spells.
You don't know that spell.
Unknown command.
Casting: Foxfire (safe; 1% risk of failure)
Confirm with . or Enter, or press ? or * to list all spells.
You conjure some foxfire!
The foxfire hits the scorpion.
You kill the scorpion!
Casting: Foxfire (safe; 1% risk of failure)
Confirm with . or Enter, or press ? or * to list all spells.
You conjure some foxfire!
You start resting.
Your foxfire dissipates! x3
You start resting.
Your foxfire dissipates!
An ogre comes into view. It is wielding a +0 giant spiked club.
An ogre is nearby!
An ogre is nearby!
Casting: Foxfire (safe; 1% risk of failure)
Confirm with . or Enter, or press ? or * to list all spells.
You begin to radiate toxic energy.
The ogre shouts!
The ogre is poisoned.
Casting: Olgreb's Toxic Radiance (dangerous; 2% risk of failure)
Confirm with . or Enter, or press ? or * to list all spells.
Casting: Hailstorm (safe; 1% risk of failure)
Press: ? - help, Dir - look around, f - activate A cannonade of hail descends around you!
The hail pelts the ogre!
The ogre is severely wounded.
The ogre looks even sicker.
Casting: Hailstorm (safe; 1% risk of failure)
Confirm with . or Enter, or press ? or * to list all spells.
You conjure some foxfire!
Your toxic aura wanes.
The ogre hits you with a +0 giant spiked club!!
Ouch! That really hurt!
You die...

+....)..† #.....))#
#...))..# ###....)..#
.........# .. .....######
## . #Ov....... #..##.
#.@#########
#....##.v........#
#......######.# #.#.)..#
#.# # #....# #.# #.#....#
#.# . #......######.#
#....#.........#.########
..##.....................


You could see an ogre (very poisoned, ally target).

Vanquished Creatures
  Sigmund (D:3)
  Duvessa (D:5)
  2 orc warriors
  An ice beast (D:6)
  A sky beast (D:6)
  3 ogres
  3 phantoms
  2 scorpions
  A bullfrog (D:5)
  Dowan (D:5)
  3 killer bees (D:5)
  2 bombardier beetles
  2 hounds
  A jelly (D:4)
  2 orc priests
  Jessica (D:3)
  A sleepcap (D:5)
  Natasha (thrice) (D:3)
  2 iguanas
  4 orc wizards
  4 adders
  2 dart slugs
  A ribbon worm (D:4)
  17 orcs
  5 ball pythons
  5 endoplasms
  A giant cockroach (D:1)
  10 hobgoblins
  8 quokkas
  6 bats
  2 frilled lizards
  13 goblins
  6 kobolds
  4 rats
121 creatures vanquished.

Vanquished Creatures (collateral kills)
  An orc (D:4)
1 creature vanquished.

Vanquished Creatures (others)
  426 foxfires
426 creatures vanquished.

Grand Total: 548 creatures vanquished

Notes
Turn   | Place    | Note
-------+----------+-------------------------------------------
     0 | D:1      | unlimited1921 the Djinni Fire Elementalist began the quest
                  | for the Orb.
     0 | D:1      | unlimited1921 set off with the following spells memorised:
                  | Foxfire, Scorch, Volatile Blastmotes, Inner Flame, Flame
                  | Wave.
     0 | D:1      | Reached XP level 1. HP: 15/15 MP: 0/0
   781 | D:1      | Reached XP level 2. HP: 19/21 MP: 0/0
  1951 | D:1      | Reached XP level 3. HP: 23/25 MP: 0/0
  1951 | D:1      | Learned a level 1 spell: Sting
  5185 | D:3      | Noticed Jessica
  5187 | D:3      | Killed Jessica
  5188 | D:3      | Reached XP level 4. HP: 28/31 MP: 0/0
  5611 | D:3      | Noticed Sigmund
  5617 | D:3      | Killed Sigmund
  5618 | D:3      | Reached XP level 5. HP: 29/35 MP: 0/0
  5618 | D:3      | Learned a level 2 spell: Call Imp
  5618 | D:3      | Reached XP level 6. HP: 33/40 MP: 0/0
  6568 | D:3      | Noticed Natasha
  6571 | D:3      | Killed Natasha
  6572 | D:3      | Noticed Natasha
  6578 | D:3      | Killed Natasha
  6782 | D:3      | Noticed Natasha
  6789 | D:3      | Killed Natasha
  7027 | D:4      | Identified the +1 quarterstaff of Invincibility {venom,
                  | rPois Str+7 Int-5 Stlth+}
  7933 | D:4      | Reached XP level 7. HP: 33/45 MP: 0/0
  7933 | D:4      | Learned a level 3 spell: Hailstorm
  9553 | D:4      | Found Sos Tivo's Antique Armour Shop.
  9684 | D:5      | Entered Level 5 of the Dungeon
  9690 | D:5      | Reached skill level 5 in Spellcasting
  9690 | D:5      | Reached skill level 5 in Conjurations
  9690 | D:5      | Reached skill level 5 in Hexes
  9690 | D:5      | Reached skill level 5 in Summonings
  9690 | D:5      | Reached skill level 5 in Necromancy
  9690 | D:5      | Reached skill level 5 in Translocations
  9690 | D:5      | Reached skill level 5 in Fire Magic
  9690 | D:5      | Reached skill level 5 in Ice Magic
  9690 | D:5      | Reached skill level 5 in Air Magic
  9690 | D:5      | Reached skill level 5 in Earth Magic
  9690 | D:5      | Reached skill level 5 in Alchemy
  9780 | D:5      | Noticed Duvessa
  9782 | D:5      | Noticed Dowan
  9790 | D:5      | Killed Dowan
  9791 | D:5      | Killed Duvessa
  9875 | D:5      | Reached XP level 8. HP: 46/50 MP: 0/0
 10480 | D:5      | Found a bloodstained altar of Trog.
 10502 | D:5      | Reached skill level 5 in Stealth
 11820 | D:6      | Reached XP level 9. HP: 43/55 MP: 0/0
 11820 | D:6      | Learned a level 4 spell: Olgreb's Toxic Radiance
 11907 | D:6      | Found a staircase to the Ecumenical Temple.
 11920 | Temple   | Entered the Ecumenical Temple
 11937 | Temple   | Became a worshipper of Ashenzari the Shackled
 12426 | D:6      | Identified the +0 scale mail of the Equator {rF- rN++
                  | Regen+ rCorr}
 12997 | D:7      | Slain by an ogre

Illustrated notes

Levels and vault maps discovered:
D:1:      minmay_arrival_jagged, layout_basic, serial_forest,
          infiniplex_forest_straight_5, infiniplex_forest_side_room,
          infiniplex_forest_lined_1, infiniplex_forest_clump_small,
          infiniplex_forest_zigzag_1, infiniplex_forest_side_room,
          infiniplex_forest_straight_2, infiniplex_forest_lined_corner,
          infiniplex_forest_lined_ring
D:2:      layout_loops_ring, basic_altar, chequers_serial_rivers_room_a,
          grunt_ministairs_1, nrook_uturn
D:3:      layout_loops_cross, roderic_lattice_a, uniq_natasha, uniq_sigmund,
          uniq_jessica
D:4:      layout_gridville, serial_shops, kennysheep_mini, minmay_diced_spiral
D:5:      layout_loops_ring, mainiacjoe_overflow_24_doors, uniq_duvessa
D:6:      layout_basic, minmay_temple_entry_sparse_star
D:7:      layout_basic, abandoned_shop, nicolae_zig_zag_zippers
Temple:   nicolae_temple_bog_church

Skill      XL: |  1  2  3  4  5  6  7  8  9 |
---------------+----------------------------+-----
Stealth        | 2 3 4 5 |  5.3
Dodging        | 3 4 |  4.8
Spellcasting   | 4 5 7 8 |  8.2
Conjurations   | 4 5 7 8 |  8.2
Hexes          | 4 5 7 8 |  8.2
Summonings     | 4 5 7 8 |  8.2
Necromancy     | 4 5 7 8 |  8.2
Translocations | 4 5 7 8 |  8.2
Fire Magic     | 4 5 7 8 |  8.2
Ice Magic      | 4 5 7 8 |  8.2
Air Magic      | 4 5 7 8 |  8.2
Earth Magic    | 4 5 7 8 |  8.2
Alchemy        | 4 5 7 8 |  8.2

Action                     |  1- 3 |  4- 6 |  7- 9 || total
---------------------------+-------+-------+-------++-------
  Melee: Dagger            |   305 |       |       ||   305
         Hand axe          |       |       |     2 ||     2
   Cast: Foxfire           |    83 |    86 |   107 ||   276
         Scorch            |     8 |     8 |    17 ||    33
         Sting             |     2 |     9 |     1 ||    12
         Inner Flame       |       |     1 |    15 ||    16
         Call Imp          |       |     1 |     2 ||     3
         Hailstorm         |       |       |     4 ||     4
         Olgreb's Toxic Ra |       |       |    12 ||    12
 Invoke: Curse Item        |       |       |     1 ||     1
    Use: Scroll            |       |     1 |     7 ||     8
 Armour: Skin              |     5 |       |       ||     5
         Robe              |       |     6 |    12 ||    18
  Dodge: Dodged            |    10 |     7 |    11 ||    28
